| TOP OF THE 1ST |
|
Hawaii Islanders batting - Pitching for Portland Beavers : RHP Kenneth Shea
|
|
Pitching: RHP Kenneth Shea
|
|
|
Batting: LHB Kevin Knuth
|
0-0: Ball 1-0: Ball 2-0: Foul Ball, location: 2F 2-1: Foul Ball, location: 2F 2-2: Strikes out swinging
|
|
Batting: RHB Joe Strain
|
0-0: Ball 1-0: Ball 2-0: Ball 3-0: Called Strike 3-1: Base on Balls
|
|
Batting: SHB Charles Valley
|
0-0: Ball 1-0: Called Strike 1-1: Ball Joe Strain is caught stealing 2nd base 2-6 2-1: Ground out 3-1 (Groundball, 34, EV 108.8 MPH)
|
| Top of the 1st over - 0 runs, 0 hits, 0 errors, 0 left on base; Hawaii 0 - Portland 0 |
| BOTTOM OF THE 1ST |
|
Portland Beavers batting - Pitching for Hawaii Islanders : RHP Herberto Folgueira
|
|
Pitching: RHP Herberto Folgueira
|
|
|
Batting: LHB Pat Sheridan
|
0-0: Called Strike 0-1: Called Strike 0-2: Foul Ball, location: 2F 0-2: Ball 1-2: Foul Ball, location: 2F 1-2: Foul Ball, location: 2F 1-2: Ball 2-2: Fly out, F8 (Flyball, 8LM, EV 85.0 MPH)
|
|
Batting: LHB Mike Gates
|
0-0: Called Strike 0-1: Called Strike 0-2: Strikes out swinging
|
|
Batting: RHB Martinho Varandas
|
0-0: Called Strike 0-1: Fly out, F7 (Flyball, 7LM, EV 80.6 MPH)
|
| Bottom of the 1st over - 0 runs, 0 hits, 0 errors, 0 left on base; Hawaii 0 - Portland 0 |
| TOP OF THE 2ND |
|
Hawaii Islanders batting - Pitching for Portland Beavers : RHP Kenneth Shea
|
|
Batting: LHB Dom Fucci
|
0-0: Fly out, F5 (Popup, 25F, EV 87.5 MPH)
|
|
Batting: RHB Dave L Stapleton
|
0-0: Ball 1-0: Swinging Strike 1-1: Foul Ball, location: 2F 1-2: Foul Ball, location: 2F 1-2: Fly out, F8 (Line Drive, 8RM, EV 89.4 MPH)
|
|
Batting: LHB Jerry Willard
|
0-0: Ball 1-0: Called Strike 1-1: Ground out 6-3 (Groundball, 6M, EV 84.4 MPH)
|
| Top of the 2nd over - 0 runs, 0 hits, 0 errors, 0 left on base; Hawaii 0 - Portland 0 |
| BOTTOM OF THE 2ND |
|
Portland Beavers batting - Pitching for Hawaii Islanders : RHP Herberto Folgueira
|
|
Batting: LHB Harold Baines
|
0-0: Ball 1-0: Ball 2-0: Called Strike 2-1: Ground out U3 (Groundball, 34, EV 103.1 MPH)
|
|
Batting: LHB Andre David
|
0-0: Ball 1-0: Ball 2-0: Called Strike 2-1: Ball 3-1: Foul Ball, location: 2F 3-2: Foul Ball, location: 2F 3-2: Base on Balls
|
|
Batting: RHB Skeeter Barnes
|
0-0: Fielders Choice at 2nd, 5-4 (Groundball, 5L, EV 86.3 MPH)
|
|
Batting: RHB Pepe Mangual
|
0-0: Called Strike Skeeter Barnes steals 2nd base 0-1: Fly out, F9 (Line Drive, 9, EV 90.6 MPH)
|
| Bottom of the 2nd over - 0 runs, 0 hits, 0 errors, 1 left on base; Hawaii 0 - Portland 0 |
| TOP OF THE 3RD |
|
Hawaii Islanders batting - Pitching for Portland Beavers : RHP Kenneth Shea
|
|
Batting: LHB Paul Tomini
|
0-0: Called Strike 0-1: Ball 1-1: Fly out, F8 (Flyball, 78M, EV 83.1 MPH)
|
|
Batting: LHB Joe DeSa
|
0-0: Called Strike 0-1: Foul Ball, location: 2F 0-2: Ball 1-2: Foul Ball, location: 2F 1-2: DOUBLE (Line Drive, 78D, EV 107.5 MPH)
|
|
Batting: RHB Michael Hanson
|
0-0: Foul Ball, location: 2F 0-1: Foul Ball, location: 2F 0-2: Foul Ball, location: 2F 0-2: Ball 1-2: Strikes out swinging
|
|
Batting: LHB Kevin Knuth
|
0-0: Foul Ball, location: 2F 0-1: Ball 1-1: Called Strike 1-2: Foul Ball, location: 2F 1-2: Strikes out looking
|
| Top of the 3rd over - 0 runs, 1 hit, 0 errors, 1 left on base; Hawaii 0 - Portland 0 |
| BOTTOM OF THE 3RD |
|
Portland Beavers batting - Pitching for Hawaii Islanders : RHP Herberto Folgueira
|
|
Batting: RHB Kevin Buckley
|
0-0: Foul Ball, location: 2F 0-1: Ball 1-1: TRIPLE (Flyball, 9LD, EV 93.1 MPH)
|
|
Batting: RHB Fred Manrique
|
0-0: Ball 1-0: Ball 2-0: Ground out 6-3 (Groundball, 6, EV 83.1 MPH) Kevin Buckley scores
|
|
Batting: LHB Pat Sheridan
|
0-0: Ball 1-0: Ground out 6-3 (Groundball, 6, EV 96.3 MPH)
|
|
Batting: LHB Mike Gates
|
0-0: Called Strike 0-1: Foul Ball, location: 2F 0-2: Foul Ball, location: 2F 0-2: Strikes out swinging
|
| Bottom of the 3rd over - 1 run, 1 hit, 0 errors, 0 left on base; Hawaii 0 - Portland 1 |
| TOP OF THE 4TH |
|
Hawaii Islanders batting - Pitching for Portland Beavers : RHP Kenneth Shea
|
|
Batting: RHB Joe Strain
|
0-0: Ball 1-0: Ball 2-0: Ground out 6-3 (Groundball, 6M, EV 100.6 MPH)
|
|
Batting: SHB Charles Valley
|
0-0: Ball 1-0: DOUBLE (Line Drive, 9LM, EV 95.6 MPH)
|
|
Batting: LHB Dom Fucci
|
0-0: Called Strike 0-1: Ball 1-1: Ball 2-1: Ball 3-1: Swinging Strike 3-2: Strikes out looking
|
|
Batting: RHB Dave L Stapleton
|
0-0: Called Strike 0-1: Ball 1-1: Ball 2-1: Ball 3-1: Ground out 5-3 (Groundball, 56S, EV 86.3 MPH)
|
| Top of the 4th over - 0 runs, 1 hit, 0 errors, 1 left on base; Hawaii 0 - Portland 1 |
| BOTTOM OF THE 4TH |
|
Portland Beavers batting - Pitching for Hawaii Islanders : RHP Herberto Folgueira
|
|
Batting: RHB Martinho Varandas
|
0-0: Reached on error, E6 (Popup, 6M, EV 63.1 MPH)
|
|
Batting: LHB Harold Baines
|
0-0: Fly out, F7 (Flyball, 7LM, EV 93.8 MPH)
|
|
Batting: LHB Andre David
|
0-0: Called Strike 0-1: Ball 1-1: Grounds into double play, 6-4-3 (Groundball, 6, EV 106.3 MPH)
|
| Bottom of the 4th over - 0 runs, 0 hits, 1 error, 0 left on base; Hawaii 0 - Portland 1 |
| TOP OF THE 5TH |
|
Hawaii Islanders batting - Pitching for Portland Beavers : RHP Kenneth Shea
|
|
Batting: LHB Jerry Willard
|
0-0: Ball 1-0: Ball 2-0: Ball 3-0: Called Strike 3-1: Ground out U3 (Groundball, 34, EV 81.3 MPH)
|
|
Batting: LHB Paul Tomini
|
0-0: Ball 1-0: Ball 2-0: Called Strike 2-1: Foul Ball, location: 2F 2-2: Ball 3-2: Reached on error, E5 (Groundball, 56, EV 101.9 MPH)
|
|
Batting: LHB Joe DeSa
|
0-0: Foul Ball, location: 2F 0-1: SINGLE (Line Drive, 89S, EV 101.9 MPH) Paul Tomini to second
|
|
Batting: RHB Michael Hanson
|
0-0: Fly out, F9 (Flyball, 9LD, EV 103.8 MPH) Runner from 2nd tags up, SAFE at 3rd, no throw by RF
|
|
Batting: LHB Kevin Knuth
|
0-0: Ball 1-0: Ball 2-0: Ball 3-0: Called Strike 3-1: Ground out 3-1 (Groundball, 3L, EV 101.9 MPH)
|
| Top of the 5th over - 0 runs, 1 hit, 1 error, 2 left on base; Hawaii 0 - Portland 1 |
| BOTTOM OF THE 5TH |
|
Portland Beavers batting - Pitching for Hawaii Islanders : RHP Herberto Folgueira
|
|
Batting: RHB Skeeter Barnes
|
0-0: Ball 1-0: Ball 2-0: Foul Ball, location: 2F 2-1: Ball 3-1: Fly out, F7 (Flyball, 7, EV 85.6 MPH)
|
|
Batting: RHB Pepe Mangual
|
0-0: Swinging Strike 0-1: Ball 1-1: Foul Ball, location: 2F 1-2: Strikes out swinging
|
|
Batting: RHB Kevin Buckley
|
0-0: Ball 1-0: Called Strike 1-1: Ball 2-1: Ball 3-1: Called Strike 3-2: Strikes out swinging
|
| Bottom of the 5th over - 0 runs, 0 hits, 0 errors, 0 left on base; Hawaii 0 - Portland 1 |
| TOP OF THE 6TH |
|
Hawaii Islanders batting - Pitching for Portland Beavers : RHP Kenneth Shea
|
|
Batting: RHB Joe Strain
|
0-0: Called Strike 0-1: Foul Ball, location: 2F 0-2: DOUBLE (Line Drive, 89M, EV 104.4 MPH)
|
|
Batting: SHB Charles Valley
|
0-0: Ball 1-0: Called Strike 1-1: Ball 2-1: Swinging Strike 2-2: 2-RUN HOME RUN (Line Drive, 9LD, EV 106.3 MPH), Distance : 357 ft
|
|
Batting: LHB Dom Fucci
|
0-0: Called Strike 0-1: Ball 1-1: Foul Ball, location: 2F 1-2: Ground out U3 (Groundball, 34, EV 86.9 MPH)
|
|
Batting: RHB Dave L Stapleton
|
0-0: Ball 1-0: Foul Ball, location: 2F 1-1: SINGLE (Groundball, 56D, EV 96.9 MPH)
|
|
Batting: LHB Jerry Willard
|
0-0: Called Strike Dave L Stapleton steals 2nd base 0-1: Fly out, F7 (Line Drive, 7D, EV 90.6 MPH) Runner from 2nd tags up, SAFE at 3rd with throw by LF
|
|
Batting: LHB Paul Tomini
|
0-0: Ground out 1-3 (Groundball, 34S, EV 67.5 MPH)
|
| Top of the 6th over - 2 runs, 3 hits, 0 errors, 1 left on base; Hawaii 2 - Portland 1 |
| BOTTOM OF THE 6TH |
|
Portland Beavers batting - Pitching for Hawaii Islanders : RHP Herberto Folgueira
|
|
Batting: RHB Fred Manrique
|
0-0: Called Strike 0-1: Ball 1-1: Ball 2-1: Ball 3-1: Foul Ball, location: 2F 3-2: Ground out 4-3 (Groundball, 4, EV 106.3 MPH)
|
|
Batting: LHB Pat Sheridan
|
0-0: Fly out, F7 (Flyball, 78S, EV 77.5 MPH)
|
|
Batting: LHB Mike Gates
|
0-0: Called Strike 0-1: Ball 1-1: Ball 2-1: Called Strike 2-2: Ball 3-2: Fly out, F8 (Flyball, 8LS, EV 97.5 MPH)
|
| Bottom of the 6th over - 0 runs, 0 hits, 0 errors, 0 left on base; Hawaii 2 - Portland 1 |
| TOP OF THE 7TH |
|
Hawaii Islanders batting - Pitching for Portland Beavers : RHP Kenneth Shea
|
|
Batting: LHB Joe DeSa
|
0-0: SINGLE (Flyball, 6MD, EV 97.5 MPH)
|
|
Batting: RHB Michael Hanson
|
0-0: Called Strike 0-1: Called Strike 0-2: Strikes out looking
|
|
Batting: LHB Kevin Knuth
|
0-0: Called Strike 0-1: Ball 1-1: Called Strike 1-2: Strikes out swinging
|
|
Batting: RHB Joe Strain
|
0-0: Ball 1-0: Foul Ball, location: 2F 1-1: Called Strike 1-2: Fly out, F8 (Flyball, 8LD, EV 107.5 MPH)
|
| Top of the 7th over - 0 runs, 1 hit, 0 errors, 1 left on base; Hawaii 2 - Portland 1 |
| BOTTOM OF THE 7TH |
|
Portland Beavers batting - Pitching for Hawaii Islanders : RHP Herberto Folgueira
|
|
Batting: RHB Martinho Varandas
|
0-0: Ball 1-0: Ball 2-0: Ball 3-0: Called Strike 3-1: Base on Balls
|
|
Batting: LHB Harold Baines
|
0-0: Called Strike 0-1: Ball 1-1: Ball 2-1: Ball 3-1: SINGLE (Groundball, 6MD, EV 105.0 MPH) Martinho Varandas to second
|
|
Batting: LHB Andre David
|
0-0: Foul Ball, location: 2F 0-1: Ball 1-1: Called Strike 1-2: Ball 2-2: Foul Ball, location: 2F 2-2: Ball 3-2: Fielders Choice at 2nd, 4-6 (Groundball, 4, EV 88.1 MPH) Martinho Varandas to third
|
|
Batting: RHB Skeeter Barnes
|
0-0: Ball 1-0: Called Strike 1-1: Ground out 5-3 (Groundball, 5S, EV 68.8 MPH) Andre David to second
|
|
Batting: RHB Pepe Mangual
|
0-0: Ball 1-0: Swinging Strike 1-1: Foul Ball, location: 2F 1-2: Strikes out looking
|
| Bottom of the 7th over - 0 runs, 1 hit, 0 errors, 2 left on base; Hawaii 2 - Portland 1 |
| TOP OF THE 8TH |
|
Hawaii Islanders batting - Pitching for Portland Beavers : RHP Kenneth Shea
|
|
Batting: SHB Charles Valley
|
0-0: Ball 1-0: Ball 2-0: Ball 3-0: Called Strike 3-1: Fly out, F8 (Flyball, 8LS, EV 81.9 MPH)
|
|
Batting: LHB Dom Fucci
|
0-0: Ball 1-0: Called Strike 1-1: Foul Ball, location: 2F 1-2: SINGLE (Groundball, 34S, EV 73.1 MPH) (infield hit)
|
|
Batting: RHB Dave L Stapleton
|
0-0: Ball 1-0: Ball 2-0: DOUBLE (Line Drive, 9LM, EV 88.8 MPH) Dom Fucci to third
|
|
Batting: LHB Jerry Willard
|
0-0: Called Strike 0-1: Ball 1-1: Swinging Strike 1-2: Ball 2-2: Ball 3-2: SINGLE (Line Drive, 3D, EV 98.1 MPH) Dom Fucci scores Dave L Stapleton to third Runner from 3rd tries for Home, SAFE, throw by RF to home
|
|
Pitching: LHP Don Carman
|
|
|
Batting: LHB Paul Tomini
|
0-0: Called Strike 0-1: Foul Ball, location: 2F 0-2: Ball 1-2: Ball 2-2: DOUBLE (Groundball, 3L, EV 103.1 MPH) Jerry Willard to third
|
|
Batting: LHB Joe DeSa
|
0-0: Called Strike 0-1: Called Strike 0-2: Ball 1-2: Ground out 4-3 (Groundball, 4S, EV 66.3 MPH)
|
|
Batting: RHB Michael Hanson
|
0-0: Fly out, F7 (Flyball, 7, EV 90.6 MPH)
|
| Top of the 8th over - 2 runs, 4 hits, 0 errors, 2 left on base; Hawaii 4 - Portland 1 |
| BOTTOM OF THE 8TH |
|
Portland Beavers batting - Pitching for Hawaii Islanders : RHP Herberto Folgueira
|
|
Batting: RHB Kevin Buckley
|
0-0: Ground out 5-3 (Groundball, 56, EV 85.6 MPH)
|
|
Batting: RHB Fred Manrique
|
0-0: Called Strike 0-1: Ball 1-1: Called Strike 1-2: Ball 2-2: Strikes out swinging
|
|
Batting: LHB Pat Sheridan
|
0-0: Foul Ball, location: 2F 0-1: Ball 1-1: Foul Ball, location: 2F 1-2: Strikes out swinging, 2-3 out at first.
|
| Bottom of the 8th over - 0 runs, 0 hits, 0 errors, 0 left on base; Hawaii 4 - Portland 1 |
| TOP OF THE 9TH |
|
Hawaii Islanders batting - Pitching for Portland Beavers : LHP Don Carman
|
|
Pitching: RHP Enrique Reyes
|
|
|
Batting: LHB Kevin Knuth
|
0-0: Ball 1-0: Ball 2-0: Foul Ball, location: 2F 2-1: Ball 3-1: Swinging Strike 3-2: Fly out, F4 (Popup, 4MD, EV 65.0 MPH)
|
|
Batting: RHB Joe Strain
|
0-0: Ball 1-0: Ball 2-0: Ball 3-0: Called Strike 3-1: Foul Ball, location: 2F 3-2: Base on Balls
|
|
Batting: SHB Charles Valley
|
0-0: Ball 1-0: Foul Ball, location: 2F 1-1: Called Strike Joe Strain steals 2nd base 1-2: Foul Ball, location: 2F 1-2: Ball 2-2: Foul Ball, location: 2F 2-2: Foul Ball, location: 2F 2-2: Fly out, F8 (Line Drive, 8LD, EV 90.0 MPH)
|
|
Batting: LHB Dom Fucci
|
0-0: Foul Ball, location: 2F 0-1: Swinging Strike 0-2: Strikes out swinging
|
| Top of the 9th over - 0 runs, 0 hits, 0 errors, 1 left on base; Hawaii 4 - Portland 1 |
| BOTTOM OF THE 9TH |
|
Portland Beavers batting - Pitching for Hawaii Islanders : RHP Herberto Folgueira
|
|
Pitching: LHP Richard Broas
|
|
|
Batting: LHB Mike Gates
|
0-0: Ball 1-0: Foul Ball, location: 2F 1-1: Ball 2-1: Foul Ball, location: 2F 2-2: Strikes out looking
|
|
Batting: RHB Martinho Varandas
|
0-0: Ball 1-0: Ball 2-0: Ball 3-0: Base on Balls
|
|
Batting: LHB Harold Baines
|
0-0: Fly out, F7 (Line Drive, 7, EV 91.3 MPH)
|
|
Batting: LHB Andre David
|
0-0: Called Strike 0-1: Swinging Strike 0-2: Ball 1-2: Strikes out swinging
|
| Bottom of the 9th over - 0 runs, 0 hits, 0 errors, 1 left on base; Hawaii 4 - Portland 1 |
|